 Dungeon Crawl Stone Soup version 0.30.0-5-g1a98f26d00 (webtiles) character file.

Game seed: 17445131787110102253

3825 AarnesTheHuman the Fighter (level 10, -10/96 HPs)
             Began as a Hill Orc Fighter on May 11, 2023.
             Was an Initiate of Gozag.
             Mangled by a spriggan
             ... wielding a +0 trident
              (16 damage)
             ... in a bailey on May 12, 2023.
             The game lasted 00:16:09 (8117 turns).

AarnesTheHuman the Fighter (Hill Orc Fighter)       Turns: 8117, Time: 00:16:10

Health: -10/96     AC: 13    Str: 22    XL:     10   Next: 17%
Magic:  1/10       EV:  9    Int: 11    God:    Gozag
Gold:   233        SH:  5    Dex: 13    Spells: 9/9 levels left

rFire   . . .        a - +2 whip (venom)
rCold   . . .        c - +0 buckler
rNeg    . . .        i - +1 scale mail
rPois   .            (no helmet)
rElec   .            j - +0 cloak
rCorr   .            (no gloves)
SInv    .            (no boots)
Will    .....        F - amulet of the acrobat Stlth
                     (no ring)
HPRegen 0.36/turn    (no ring)
MPRegen 0.12/turn

%: acrobat
@: gold aura
A: iridescent scales 1, agile 1, clever 1, screaming 1, MP-powered wands
a: Renounce Religion, Potion Petition, Call Merchant, Bribe Branch


You were in a bailey.
You worshipped Gozag.
Gozag was aware of your devotion.
You visited 2 branches of the dungeon, and saw 8 of its levels.
You also visited: Bailey.

You collected 571 gold pieces.
You spent 209 gold pieces at shops.
You paid 129 gold pieces to Gozag.

Inventory:

Hand Weapons
 a - a +2 whip of venom (weapon)
 b - a +6 dagger of speed
 g - a +0 war axe
 h - a +0 sling
 y - a +0 dagger of electrocution
 A - the +1 arbalest of Impatience {drain, Str+4 Dex-2}
   (You bought it in a shop on level 3 of the Dungeon)

   Str:       It affects your strength (+4).
   Dex:       It affects your dexterity (-2).
Missiles
 r - 19 stones (quivered)
 H - a curare-tipped dart
 L - 3 poisoned darts
Armour
 c - a +0 buckler (worn)
 i - a +1 scale mail (worn)
 j - a +0 cloak (worn)
 n - a +2 robe of fire resistance
Magical Staves
 z - a staff of poison
Jewellery
 F - an amulet of the acrobat (around neck)
Wands
 m - a wand of digging (9)
 u - a wand of flame (16)
Scrolls
 o - 5 scrolls of teleportation
 q - a scroll of blinking
 s - 3 scrolls of butterflies {unknown}
Potions
 d - 2 potions of might
 e - a potion of heal wounds
 f - a potion of attraction
 l - 2 potions of curing
 p - a potion of resistance
 t - 2 potions of cancellation
 v - 2 potions of mutation
 w - a potion of magic
 x - a potion of brilliance {unknown}
 C - 2 potions of invisibility
 E - a potion of haste
 G - a potion of berserk rage {unknown}
 I - a potion of lignification {unknown}
 J - a potion of degeneration


   Skills:
 + Level 11.4 Fighting
 - Level 5.2 Axes
 + Level 10.5 Armour
 + Level 6.8 Shields


You had 9 spell levels left.
You didn't know any spells.
Your spell library contained the following spells:

 Spells                   Type           Power      Damage    Failure   Level
 Sting                    Tmut/Pois      0%         1d3       67%         1
 Passwall                 Tmut/Erth      0%         N/A       80%         2
 Ozocubu's Armour         Ice            0%         N/A       95%         3
 Petrify                  Tmut/Erth      0%         N/A       100%        4
 Eringya's Noxious Bog    Tmut/Pois      0%         N/A       100%        6
 Dragon Form              Tmut           0%         N/A       100%        7
 Ozocubu's Refrigeration  Ice            0%         4d7       100%        7


Dungeon Overview and Level Annotations

Branches:
Dungeon (7/15)             Temple (1/1) D:6          Bailey (1/1)

Altars:
Ashenzari
Cheibriados
Elyvilon
Fedhas
Gozag
Hepliaklqana
Makhleb
Nemelex Xobeh
Okawaru
Qazlal
Ru
Sif Muna
Vehumet
Wu Jian
Xom
Yredelemnul
Zin

Shops:
D:3 (   D:4 ([

Annotations:
D:3 exclusion: 2 downstairs
D:4 4 runed translucent doors


Innate Abilities, Weirdness & Mutations

You are partially covered in iridescent scales. (AC +2)
You are agile. (Dex +4, Str/Int -1)
Your mind is acute. (Int +4, Str/Dex -1)
You occasionally shout uncontrollably at your foes.
You expend magic power (3 MP) to strengthen your wands.


Message History

The spriggan closely misses you. The spriggan barely misses you.
You miss the spriggan.
The spriggan is almost dead.
The spriggan hits you from afar with a +0 trident.
* * * LOW HITPOINT WARNING * * *
The ogre closely misses you. You block the spriggan's attack.
You block the spriggan's attack.
The ogre looks more healthy.
You block the spriggan's attack.
You kill the spriggan!
The spriggan is distracted by your dazzling golden aura.
Aiming: Throw Flame
Press: ? - help, Shift-Dir - straight line, f - ogre
Aim: an ogre, wielding a +0 halberd (almost dead, 86% to hit)
You feel a surge of power!
The puff of flame hits the ogre.
You kill the ogre!
The spriggan shouts!
Aiming: Throw Flame
Press: ? - help, Shift-Dir - straight line, f - spriggan
Aim: a spriggan, wielding a +0 trident (43% to hit)
You feel a surge of power!
The puff of flame misses the spriggan.
Aiming: Throw Flame
Press: ? - help, Shift-Dir - straight line, f/p - spriggan
Aim: a spriggan, wielding a +0 trident (43% to hit)
You feel a slight surge of power.
The puff of flame hits the spriggan!
The spriggan is moderately wounded.
The spriggan is no longer distracted by gold.
You block the spriggan's attack.
You closely miss the spriggan.
The spriggan is moderately wounded.
The spriggan misses you.
You miss the spriggan.
The spriggan is moderately wounded.
The spriggan hits you with a +0 trident!
* * * LOW HITPOINT WARNING * * *
You miss the spriggan.
The spriggan is moderately wounded.
The spriggan hits you with a +0 trident!
You die...
Your body crumbles into a pile of gold.

###~~~))###
#~~~~~#
##~~~~~##
#.......##
#.........##
#..##♣###♣..##
..# ♣#..## .♣
##..## ##@.#
#i.# #..# ♣.$#
#..# #..# #..#
#..## #..##


You could see a spriggan.

Vanquished Creatures
  A two-headed ogre (Bailey)
  4 spriggans (Bailey)
  2 wyverns (D:6)
  An acid dragon (Bailey)
  A sky beast (D:7)
  2 black bears
  An orc warrior (D:7)
  2 ice beasts (D:6)
  5 ogres
  2 kobold brigands
  A bullfrog (D:6)
  A gnoll sergeant (D:4)
  2 scorpions
  3 wights
  A howler monkey (D:4)
  2 jellies
  4 hounds
  An orc priest (D:4)
  Ijyb (D:4)
  Jessica (D:2)
  3 iguanas (D:5)
  14 gnolls
  7 adders
  A shadow imp (D:5)
  4 ufetubi
  2 worms
  15 dart slugs
  14 orcs
  6 ball pythons
  4 bats
  3 endoplasms
  2 giant cockroaches (D:2)
  13 goblins
  4 hobgoblins
  10 jackals
  14 kobolds
  6 quokkas
  2 frilled lizards (D:2)
  4 rats
166 creatures vanquished.

Notes
Turn   | Place    | Note
-------+----------+-------------------------------------------
     0 | D:1      | AarnesTheHuman the Hill Orc Fighter began the quest for the
                  | Orb.
     0 | D:1      | Reached XP level 1. HP: 19/19 MP: 1/1
   143 | D:1      | Reached XP level 2. HP: 24/27 MP: 2/2
   331 | D:1      | Reached skill level 4 in Fighting
   541 | D:2      | Reached XP level 3. HP: 33/33 MP: 3/3
   666 | D:2      | Found a faded altar of an unknown god.
   724 | D:2      | Reached XP level 4. HP: 39/40 MP: 4/4
   935 | D:2      | Noticed Jessica
   948 | D:2      | Killed Jessica
  1330 | D:3      | Reached XP level 5. HP: 47/47 MP: 5/5
  1441 | D:3      | Found Letten's Antique Weapon Shop.
  2045 | D:4      | Found a large runed translucent door.
  2051 | D:4      | Found a large runed translucent door.
  2051 | D:4      | Noticed a water moccasin
  2094 | D:4      | Gained mutation: Armour fits poorly on your strangely
                  | shaped body. [potion of mutation]
  2094 | D:4      | Gained mutation: You are weak. (Str -2) [potion of
                  | mutation]
  2095 | D:4      | Lost mutation: You are weak. (Str -2) [potion of mutation]
  2095 | D:4      | Lost mutation: Armour fits poorly on your strangely shaped
                  | body. [potion of mutation]
  2095 | D:4      | Gained mutation: Your mind is acute. (Int +4, Str/Dex -1)
                  | [potion of mutation]
  2095 | D:4      | Gained mutation: You occasionally shout uncontrollably at
                  | your foes. [potion of mutation]
  2095 | D:4      | Gained mutation: You are agile. (Dex +4, Str/Int -1)
                  | [potion of mutation]
  2095 | D:4      | Gained mutation: You have hidden genetic potential. [potion
                  | of mutation]
  2251 | D:3      | Reached skill level 5 in Fighting
  2251 | D:3      | Reached XP level 6. HP: 11/56 MP: 6/6
  2534 | D:3      | Reached skill level 5 in Axes
  2596 | D:3      | Gained mutation: You expend magic power (3 MP) to
                  | strengthen your wands. [hidden potential]
  2848 | D:4      | Reached skill level 5 in Armour
  2995 | D:4      | Noticed a +0 demon trident
  2997 | D:4      | Found Arghuqu's Weapon Shoppe.
  2999 | D:4      | Noticed a +0 bardiche
  3020 | D:4      | Noticed Ijyb
  3135 | D:4      | Killed Ijyb
  3136 | D:4      | Reached XP level 7. HP: 51/62 MP: 7/7
  3250 | D:4      | Found Ewetz's Armour Emporium.
  3300 | D:4      | Reached skill level 6 in Fighting
  3640 | D:4      | Found a large runed translucent door.
  3640 | D:4      | Found a large runed translucent door.
  3693 | D:4      | Gained mutation: You are partially covered in iridescent
                  | scales. (AC +2) [hidden potential]
  3693 | D:4      | Lost mutation: You have hidden genetic potential. [hidden
                  | potential expressed]
  3783 | D:4      | Got the Tome of Transformation
  3893 | D:4      | Reached skill level 7 in Fighting
  4010 | D:3      | Bought a crystal arbalest for 209 gold pieces
  4010 | D:3      | Identified the +1 arbalest of Impatience {drain, Str+4
                  | Dex-2} (You bought it in a shop on level 3 of the Dungeon)
  4053 | D:5      | Entered Level 5 of the Dungeon
  4406 | D:5      | Found a glowing silver altar of Zin.
  4630 | D:5      | Reached XP level 8. HP: 55/73 MP: 8/8
  4984 | D:5      | Reached skill level 8 in Fighting
  5463 | D:6      | Noticed a wyvern
  5738 | D:6      | Killed a wyvern
  6103 | D:6      | Noticed a wyvern
  6109 | D:6      | Killed a wyvern
  6110 | D:6      | Reached skill level 9 in Fighting
  6170 | D:6      | Reached XP level 9. HP: 84/84 MP: 9/9
  6628 | D:6      | Found a staircase to the Ecumenical Temple.
  6643 | Temple   | Entered the Ecumenical Temple
  6811 | Temple   | Became a worshipper of Gozag Ym Sagoz the Greedy
  6958 | D:6      | Identified the +0 robe "Honaick" {Fly rN+ Str-4}
  7495 | D:7      | Reached skill level 10 in Fighting
  7649 | D:7      | Found a flagged portal.
  7673 | Bailey   | Entered a bailey
  7768 | Bailey   | Reached skill level 5 in Shields
  7839 | Bailey   | Noticed a two-headed ogre
  7862 | Bailey   | Killed a two-headed ogre
  7863 | Bailey   | Reached skill level 11 in Fighting
  7863 | Bailey   | Reached skill level 10 in Armour
  7863 | Bailey   | Reached XP level 10. HP: 11/95 MP: 2/10
  8117 | Bailey   | Mangled by a spriggan

Illustrated notes

Levels and vault maps discovered:
D:1:      saegor_arrival_simple_c, layout_rooms, minmay_misc_feat_alley,
          skrybe_limestone_x
D:2:      layout_basic, shapermc_ecumenical_altar_petra, cheibrodos_gnoll_hut,
          uniq_jessica
D:3:      layout_basic, serial_shops, nicolae_square_shop
D:4:      kennysheep_slugbush, layout_cave_pools, serial_shops, shop,
          nicolae_shop_mannequins, minmay_hollow_rounded_squares, uniq_ijyb
D:5:      layout_basic, zin_treasury
D:6:      layout_gridville, minmay_temple_entry_junction_2
D:7:      nzn_winding_woodlands_cross [nzn_winding_woodlands_5x15_jagged,
          nzn_winding_woodlands_5x15_eye, nzn_winding_woodlands_5x15_zeroes,
          nzn_winding_woodlands_5x15_parted,
          nzn_winding_woodlands_15x15_five_gardens], layout_loops_ring,
          enter_bailey_5, uniq_crazy_yiuf_cottage, uniq_duvessa
Temple:   eino_temple_scatter_basement
Bailey:   bailey_polearm_enchanted_keep_hellmonk, bailey

Skill      XL: |  1  2  3  4  5  6  7  8  9 |
---------------+----------------------------+-----
Axes           | 3 4 5 |  5.2
Fighting       | 4 5 7 9 11 | 11.4
Shields        | 4 6 |  6.8
Armour         | 4 5 6 8 10 | 10.5

Action                     |  1- 3 |  4- 6 |  7- 9 | 10-12 || total
---------------------------+-------+-------+-------+-------++-------
  Melee: War axe           |    76 |   102 |       |       ||   178
         Dagger            |       |    66 |    33 |     6 ||   105
         Whip              |       |    35 |   370 |    11 ||   416
  Throw: Stone             |       |    20 |     3 |     3 ||    26
  Evoke: Wand              |       |       |     7 |     4 ||    11
    Use: Scroll            |       |    11 |    10 |       ||    21
         Potion            |       |     2 |       |     2 ||     4
   Stab: Paralysed         |       |       |    10 |       ||    10
 Armour: Scale mail        |    75 |    86 |   171 |     4 ||   336
         Robe              |       |     1 |       |       ||     1
  Dodge: Dodged            |    72 |    92 |   181 |    12 ||   357
  Block: Buckler           |    31 |    44 |    96 |    11 ||   182
